 Seeded DCSS version 0.29-a0-468-ge57f7f99b4 (webtiles) character file.

Game seed: 6774861435536819975 (custom seed)

10829 bwicke the Slicer (level 11, -3/96 HPs)
             Began as a Palentonga Abyssal Knight on May 22, 2022.
             Was an Elder of Lugonu.
             Killed by divine providence
             ... invoked by an orc priest
              (14 damage)
             ... on level 9 of the Dungeon.
             The game lasted 01:03:07 (13701 turns).

bwicke the Slicer (Palentonga Abyssal Knight)      Turns: 13701, Time: 01:03:07

Health: -3/96      AC: 18    Str: 17    XL:     11   Next: 41%
Magic:  17/19      EV: 13    Int: 11    God:    Lugonu [****..]
Gold:   474        SH:  0    Dex: 14    Spells: 10/10 levels left

rFire   + . .      SeeInvis +   h - +2 short sword (venom)
rCold   + . .      Faith    .   (no shield)
rNeg    . . .      Spirit   .   J - +3 leather armour {rC+}
rPois   .          Reflect  .   U - +0 helmet
rElec   .          Harm     .   (no cloak)
rCorr   .          Rampage  .   i - +2 pair of gloves
Will    .....                   (no barding)
Stlth   +.........              (no amulet)
HPRegen 0.26/turn               T - +4 ring of evasion
MPRegen 0.16/turn               o - ring of protection from fire

@: hasted, curled up, very quick
A: large, rugged brown scales 3, see invisible, deformed body, roll 1, armoured
tail, reflexive curl
a: Rolling Charge, Renounce Religion, Depart the Abyss, Bend Space, Banish,
Corrupt


You were on level 9 of the Dungeon.
You worshipped Lugonu.
Lugonu was greatly pleased with you.
You visited 2 branches of the dungeon, and saw 11 of its levels.
You visited the Abyss 1 time.
You also visited: Sewer and Ossuary.

You collected 500 gold pieces.
You spent 26 gold pieces at shops.

Inventory:

Hand Weapons
 c - a +2 scimitar of flaming
 h - a +2 short sword of venom (weapon)
 x - a +0 vorpal flail
 I - a +2 falchion of freezing
 V - a +0 trident
 Z - a +1 dagger of speed
Missiles
 a - a silver boomerang
 g - 20 poisoned darts
 j - 3 atropa-tipped darts
 r - 2 throwing nets
 A - 6 boomerangs of dispersal
Armour
 i - a +2 pair of gloves (worn)
 J - a +3 leather armour of cold resistance (worn)
 U - a +0 helmet (worn)
Magical Staves
 Y - a staff of poison
Jewellery
 n - a +6 ring of intelligence
 o - a ring of protection from fire (right hand)
 w - a +4 ring of protection
 y - a ring of ice
 L - a ring of positive energy
 T - a +4 ring of evasion (left hand)
 W - a ring of protection from fire
Wands
 m - a wand of mindburst (5)
 O - a wand of polymorph (10)
 Q - a wand of flame (5)
Scrolls
 d - a scroll of summoning
 k - a scroll of poison {unknown}
 p - 3 scrolls of blinking
 s - a scroll of immolation {unknown}
 F - a scroll of brand weapon
 H - 3 scrolls of fear
 K - 3 scrolls of fog
 M - 2 scrolls of enchant weapon
 N - a scroll of silence
 P - 2 scrolls of magic mapping
 R - 3 scrolls of teleportation
 X - a scroll of torment
Potions
 b - a potion of lignification
 e - 3 potions of degeneration {unknown}
 f - a potion of haste
 l - 4 potions of curing
 q - a potion of flight
 u - 2 potions of cancellation {unknown}
 z - 4 potions of might {unknown}
 B - 2 potions of invisibility {unknown}
 C - a potion of ambrosia {unknown}
 D - 3 potions of mutation {unknown}
 E - 3 potions of heal wounds
 G - a potion of magic {unknown}
 S - 2 potions of brilliance {unknown}
Miscellaneous
 v - a piece from Xom's chessboard (14/15)


   Skills:
 - Level 10.0 Fighting
 - Level 11.7(11.9) Short Blades
 + Level 3.1(8.2) Long Blades
 - Level 1.5 Armour
 - Level 0.7 Dodging
 - Level 11.0 Invocations


You had 10 spell levels left.
You didn't know any spells.
Your spell library contained the following spells:

 Spells                   Type           Power      Damage    Failure   Level
 Scorch                   Fire           0%         2d5       54%         2
 Sublimation of Blood     Necr           0%         N/A       54%         2
 Dazzling Flash           Conj/Hex       0%         N/A       77%         3
 Frozen Ramparts          Ice            0%         1d2       77%         3
 Airstrike                Air            0%         N/A       99%         4
 Flame Wave               Conj/Fire      0%         2d4       99%         4
 Ice Form                 Ice/Tmut       0%         N/A       99%         4
 Petrify                  Tmut/Erth      0%         N/A       99%         4
 Summon Ice Beast         Ice/Summ       0%         N/A       99%         4
 Summon Lightning Spire   Summ/Air       0%         N/A       99%         4
 Agony                    Necr           0%         N/A       100%        5
 Irradiate                Conj/Tmut      0%         3d13      100%        5
 Lightning Bolt           Conj/Air       0%         1d11      100%        5
 Metabolic Englaciation   Hex/Ice        0%         N/A       100%        5
 Silence                  Hex/Air        0%         N/A       100%        5
 Statue Form              Tmut/Erth      0%         N/A       100%        6
 Summon Cactus Giant      Summ           0%         N/A       100%        6


Dungeon Overview and Level Annotations

Branches:
Dungeon (10/15)            Temple (1/1) D:6            Lair (0/6) D:9
  Sewer (visited)         Ossuary (visited)
    Orc: D:9-12

Altars:
Ashenzari
Cheibriados
Dithmenos
Elyvilon
Fedhas
Gozag
Hepliaklqana
Kikubaaqudgha
Makhleb
Nemelex Xobeh
Okawaru
Qazlal
Ru
Sif Muna
Trog
Uskayaw
Vehumet
Wu Jian
Xom
Yredelemnul
Zin
The Shining One

Shops:
D:3 (   D:7 *((

Annotations:
D:10 1 runed translucent door, IdlyInterested's ghost, journeyman DsFi


Innate Abilities, Weirdness & Mutations

You are completely covered in rugged brown scales. (AC +3, +7% HP)
You have supernaturally acute eyesight. (SInv)
Armour fits poorly on your strangely shaped body.
You can roll at nearby foes to attack.
You have a long armoured tail.
You curl defensively after being hit. (AC +7*)


Message History

* * * LOW HITPOINT WARNING * * *
You feel much better.
The wyvern hisses angrily.
The orc priest closely misses you. The orc barely misses you.
Space bends violently around you!
You blink.
The yak bellows!
The water moccasin bites you.
* * * LOW HITPOINT WARNING * * *
There's nothing you can charge at!
You make a move on Xom's chessboard...
The two-headed ogre appears confused.
The water moccasin bites you but does no damage.
The wyvern bites you but does no damage.
The wyvern bites you.
* * * LOW HITPOINT WARNING * * *
The orc priest barely misses you.
Okay, then.
You hit the two-headed ogre.
The two-headed ogre is poisoned.
The two-headed ogre is severely wounded.
The two-headed ogre hits you with a +0 giant spiked club.
* * * LOW HITPOINT WARNING * * *
The two-headed ogre misses you. The wyvern completely misses you.
Okay, then.
Space bends violently around you!
You blink.
The water moccasin blinks!
The wyvern looks more healthy.
The wyvern misses you.
You hit the wyvern.
Your tail-slap misses the wyvern.
The wyvern is almost dead.
The orc priest barely misses you.
You feel yourself speed up.
The orc priest shouts!
The wyvern bites you but does no damage.
The water moccasin bites you!
* * * LOW HITPOINT WARNING * * *
The wyvern bites you but does no damage.
The orc priest looks braver for a moment.
The water moccasin closely misses you. The wyvern attacks as you move away!
The wyvern bites you.
* * * LOW HITPOINT WARNING * * *
The orc priest invokes the aid of Beogh against you.
Beogh smites you!
You die...

#.........# #.###)###.#########
#.# #.##..........## #.#
#.##.88888888..# #.#
#.##.8888.888..######
#.###)##................#
#............8....####.##
#.#..)...S...8....#....####
#######........l@................
.......).....ol8888}888.#....###.
#######.##...yo8888.888........#.
#.....##oY........(.#...##.
########.....#.........#.#....+.
................)..........>...#.
#########.....#....#..o....#...#.
###.#.##.#.#.............
#.#>##.#..(......##.##.


You could see a yak, a water moccasin, 2 wyverns, a killer bee, 3 orc priests
and an orc.

Vanquished Creatures
  Erica (D:10)
  Pikel (D:4)
  An unseen horror (D:10)
  A hornet (D:8)
  Sigmund (D:2)
  2 wyverns (D:8)
  8 yaks
  2 fire elementals (D:10)
  Eustachio (D:6)
  3 steam dragons
  A basilisk (D:10)
  Edmund (D:6)
  2 water moccasins
  3 black bears (D:6)
  3 orc warriors
  An ice beast (D:6)
  2 ogres
  6 centaurs
  A kobold brigand (D:7)
  5 bullfrogs
  A gnoll sergeant (D:8)
  3 scorpions
  14 killer bees
  2 howler monkeys
  2 hounds
  A human zombie (Ossuary)
  4 jellies
  8 orc priests
  Natasha (thrice) (D:2)
  9 iguanas
  9 orc wizards
  3 mummies (Ossuary)
  9 gnolls
  9 adders
  A shadow imp (D:7)
  3 white imps
  4 ufetubi
  3 worms
  4 dart slugs
  36 orcs
  7 bats
  3 endoplasms (D:1)
  17 giant cockroaches
  2 gnoll zombies (Ossuary)
  2 hobgoblins
  9 quokkas
  10 ball pythons
  11 frilled lizards
  9 goblins
  6 goblin zombies (Ossuary)
  2 hobgoblin zombies (Ossuary)
  14 kobolds
  4 kobold zombies (Ossuary)
  4 rats
274 creatures vanquished.

Vanquished Creatures (others)
  5 fungi
  31 plants
36 creatures vanquished.

Grand Total: 310 creatures vanquished

Notes
Turn   | Place    | Note
-------+----------+-------------------------------------------
     0 | Abyss:1  | bwicke the Palentonga Abyssal Knight began the quest for
                  | the Orb.
     0 | Abyss:1  | Reached XP level 1. HP: 19/19 MP: 2/2
    27 | D:1      | Escaped the Abyss
   131 | D:1      | Reached XP level 2. HP: 22/25 MP: 3/3
   310 | D:1      | Found a faded altar of an unknown god.
   599 | D:1      | Reached skill level 1 in Short Blades
  1213 | D:2      | Reached XP level 3. HP: 31/31 MP: 4/4
  1492 | D:2      | Noticed Natasha
  1779 | D:2      | Killed Natasha
  1798 | D:2      | Noticed Natasha
  1804 | D:2      | Killed Natasha
  1805 | D:2      | Reached XP level 4. HP: 19/37 MP: 5/5
  2095 | D:2      | Noticed Sigmund
  2108 | D:2      | Killed Sigmund
  2109 | D:2      | Reached skill level 5 in Short Blades
  2109 | D:2      | Reached XP level 5. HP: 16/43 MP: 4/6
  2253 | D:2      | Noticed Natasha
  2255 | D:2      | Killed Natasha
  2255 | D:2      | Reached *** piety under Lugonu
  2256 | D:2      | Reached XP level 6. HP: 43/50 MP: 7/7
  2610 | D:3      | Found Synli's Weapon Boutique.
  3072 | D:3      | Found an iron altar of Okawaru.
  3196 | D:4      | Found a shimmering altar of Xom.
  3365 | D:4      | Reached **** piety under Lugonu
  3442 | D:4      | Noticed Pikel
  3872 | D:4      | Gained mutation: You curl defensively after being hit. (AC
                  | +7*) [Palentonga growth]
  3872 | D:4      | Reached XP level 7. HP: 30/55 MP: 8/8
  3875 | D:4      | Found a glowing drain.
  3900 | D:4      | Killed Pikel
  3948 | Sewer    | Entered a sewer
  4162 | Sewer    | Reached XP level 8. HP: 57/62 MP: 11/13
  4748 | D:5      | Entered Level 5 of the Dungeon
  5436 | D:5      | Reached ***** piety under Lugonu
  5700 | D:6      | Found a staircase to the Ecumenical Temple.
  5712 | D:6      | Noticed Eustachio
  5716 | D:6      | Killed Eustachio
  5740 | Temple   | Entered the Ecumenical Temple
  6054 | D:6      | Reached skill level 5 in Fighting
  6054 | D:6      | Reached XP level 9. HP: 72/72 MP: 15/15
  6098 | D:6      | Noticed Edmund
  6118 | D:6      | Killed Edmund
  6940 | D:6      | Found a glowing silver altar of Zin.
  7235 | D:7      | Found Judey's Weapon Shop.
  7282 | D:7      | Found Wusunaj's Weapon Boutique.
  7323 | D:7      | Found Lysal's General Store.
  7495 | D:7      | Bought a scroll of identify for 26 gold pieces
  8116 | D:7      | Found a sacrificial altar of Ru.
  8238 | D:8      | Noticed a boulder beetle
  8249 | D:8      | Banished a boulder beetle
  8250 | D:8      | Reached XP level 10. HP: 90/90 MP: 11/16
  8267 | D:8      | Reached skill level 10 in Fighting
  8385 | D:8      | Found a sand-covered staircase.
  8389 | Ossuary  | Entered an ossuary
 10368 | D:8      | Reached skill level 10 in Invocations
 10607 | D:9      | Found a staircase to the Lair.
 10661 | D:10     | Entered Level 10 of the Dungeon
 11113 | D:10     | HP: 3/90 [yak (9)]
 11783 | D:10     | Reached XP level 11. HP: 58/96 MP: 14/19
 11963 | D:10     | Reached skill level 10 in Short Blades
 12176 | D:9      | Noticed Erica
 12224 | D:10     | Found a runed translucent door.
 12228 | D:10     | Noticed IdlyInterested's ghost (journeyman DsFi)
 12231 | D:10     | Identified the +8 spear "Dragon's Tongue" {spect, rC+
                  | Will++}
 12331 | D:10     | Noticed a deep elf pyromancer
 12333 | D:10     | Banished a deep elf pyromancer
 13375 | D:10     | Killed Erica
 13663 | D:9      | Noticed a two-headed ogre
 13701 | D:9      | Killed from afar by an orc priest

Illustrated notes

Levels and vault maps discovered:
D:1:      nzn_arrival_water_spiral, layout_basic, basic_ecumenical_altar
D:2:      layout_loops_corners, uniq_natasha, uniq_sigmund
D:3:      layout_basic, okawaru_altar_gauntlet_db, serial_shops, shop_statue
D:4:      layout_loops_ring, xom_butterflies, gup_sewer_entry_pipe,
          nicolae_elevator_lobby_asterisk, uniq_pikel
D:5:      layout_rooms, corexii_leaking_fountain
D:6:      layout_loops_ring, zin_treasury, minmay_temple_entry_gardened_gates,
          grunt_decor_junction, grunt_decor_mini_mirrors, nicolae_benzene_ring,
          wad_rectangle_vault, uniq_edmund, uniq_eustachio
D:7:      layout_rooms, general_overflow_altar, serial_shops,
          nicolae_lakefront_shop, nicolae_shop_advertising_works
          [nicolae_subvault_shop_adworks], nicolae_shop_bloodbath_and_beyond
D:8:      layout_basic, nicolae_ossuary_entry_plus
D:9:      cheibrodos_fzero, layout_basic, minmay_lair_entry_grove,
          hiddenorc2_lemuel, hellmonk_bongcloud_opening,
          introduction_to_nature_2, uniq_erica
D:10:     layout_stronghold, ebering_ghost_funeral_grove,
          dilly_guarded_unrand_elemental_staff
Temple:   regret_index_temple_mists

Skill      XL: |  1  2  3  4  5  6  7  8  9 10 11 |
---------------+----------------------------------+-----
Short Blades   | 1 3 5 6 8 9 11 | 11.7
Invocations    | 6 8 11 | 11.0
Fighting       | 5 9 10 | 10.0
Long Blades    | 3 |  3.1
Armour         | |  1.5
Dodging        | |  0.7

Action                   |  1- 3 |  4- 6 |  7- 9 | 10-12 || total
-------------------------+-------+-------+-------+-------++-------
Melee: Falchion          |    97 |    15 |       |    37 ||   149
       Tailslap          |     8 |    21 |    50 |    89 ||   168
       Punch             |     2 |     3 |     7 |     8 ||    20
       Short sword       |       |   104 |   330 |   367 ||   801
       Dagger            |       |       |       |    36 ||    36
Throw: Dart              |     4 |     2 |     1 |       ||     7
       Throwing net      |       |     4 |       |       ||     4
Invok: Bend Space        |     1 |     5 |     8 |    15 ||    29
       Banish            |       |       |     1 |     9 ||    10
 Abil: Rolling Charge    |    22 |    41 |    69 |    62 ||   194
Evoke: Wand              |       |     1 |     2 |       ||     3
       Piece from Xom's  |       |       |       |     1 ||     1
  Use: Scroll            |       |     5 |     5 |     7 ||    17
       Potion            |       |       |     3 |     3 ||     6
Armor: Leather armour    |    30 |    35 |   130 |   178 ||   373
       Skin              |       |       |     2 |       ||     2
Dodge: Dodged            |    40 |    56 |   103 |   260 ||   459

Table legend: (Time is in decaauts)
 A = Elapsed time spent in this place.
 B = Non-inter-level travel time spent in this place.
 C = Inter-level travel time spent in this place.
 D = Time resting spent in this place.
 E = Time spent auto-exploring this place.
 F = Levels seen in this place.
 G = Mean time per level.
                   A        B        C        D        E       F      G
               +--------+--------+--------+--------+--------+-----+--------+
         Total |  13597 |  13330 |    267 |   3434 |   6135 |  14 |  971.2 |
       Dungeon |  12350 |  12083 |    267 |   3100 |   6083 |  10 | 1235.0 |
        Temple |    121 |    121 |      0 |      0 |      0 |   1 |  121.0 |
         Abyss |     27 |     27 |      0 |      0 |      0 |   1 |   27.0 |
         Sewer |    493 |    493 |      0 |    124 |      0 |   1 |  493.0 |
       Ossuary |    604 |    604 |      0 |    210 |     52 |   1 |  604.0 |
               +--------+--------+--------+--------+--------+-----+--------+

Top non-repeatable levels by time:
    D:10: 2899 daAuts
     D:8: 1647 daAuts
     D:6: 1426 daAuts
     D:1: 1379 daAuts
     D:2: 1145 daAuts
     D:7: 938 daAuts
     D:5: 928 daAuts
     D:3: 916 daAuts
     D:4: 826 daAuts
 Ossuary: 604 daAuts
   Sewer: 493 daAuts
     D:9: 242 daAuts
  Temple: 121 daAuts
 Abyss:1: 27 daAuts
